 Dungeon Sprint DCSS version 0.17-a0-1181-gabc46e6 (webtiles) character file.

4960 Kidiri the Basher (level 10, -2/172 (178) HPs)
             Began as a Troll Berserker on May 31, 2015.
             Was the Champion of Trog.
             Slain by a tarantella (9 damage)
             ... summoned by a deep elf summoner
             ... in the Dungeon (Sprint III: "The Ten Rune Challenge").
             The game lasted 00:10:03 (1121 turns).

Kidiri the Basher (Troll Berserker)                 Turns: 1121, Time: 00:10:03

HP:   -2/172 (178)  AC:  5    Str: 33    XL:     10   Next: 28%
MP:   9/9           EV: 13    Int:  5    God:    Trog [******]
Gold: 5053          SH:  0    Dex:  9    Spells: 0 memorised, 9 levels left

rFire  . . .     SeeInvis +     n - +7 giant spiked club of Winter {vamp, rN+ Int+2 SInv}
rCold  . . .     Clarity  +     b - +0 animal skin
rNeg   + . .     SustAt   .     (no shield)
rPois  .         Gourm    +     (helmet restricted)
rElec  .         Spirit   .     m - +0 cloak
rCorr  .         Warding  .     (gloves unavailable)
rMut   .         NoTele   +     (boots unavailable)
MR     .....                    l - amulet of clarity
Stlth  ..........               (no ring)
                                (no ring)

@: berserking (expiring), lethally poisoned (-2 -> -9), very quick, not
resistant to hostile enchantments, extremely unstealthy
A: unfitting armour, claws 3, talons 1, deformed body, fast metabolism 3,
gourmand, sense surroundings 1, regeneration 2, shaggy fur 1, tough skin 2, weak
1
a: Burn Spellbooks, Berserk, Trog's Hand, Brothers in Arms, Renounce Religion


You were in the Dungeon.
You worshipped Trog.
Trog was exalted by your worship.
You were completely stuffed.

You visited 1 branch You collected 5149 gold pieces.
You spent 96 gold pieces at shops.

Inventory:

Hand weapons
 a - a +0 mace
 k - a +4 quarterstaff of chaos
 n - the +7 giant spiked club of Winter (weapon) {vamp, rN+ Int+2 SInv}
   (Trog gifted it to you in the Dungeon)

   It inflicts no extra harm, but heals its wielder somewhat when it strikes a
   living foe.
   It affects your intelligence (+2).
   It protects you from negative energy.
   It lets you see invisible.
 y - a +2 great mace of protection
 z - a +2 antimagic quarterstaff
 A - the +4 giant club "Kiuryetu" {crush, rElec MP-9 Int+2, unknown}
   (Trog gifted it to you in the Dungeon)

   It inflicts extra damage upon your enemies.
   It affects your intelligence (+2).
   It insulates you from electricity.
   It affects your magic capacity (-9).
Armour
 b - a +0 animal skin (worn)
 m - a +0 cloak (worn)
Jewellery
 l - an amulet of clarity (around neck)
Magical devices
 x - a wand of flame (34)
Scrolls
 i - a scroll of blinking
 o - a scroll of immolation {unknown}
 p - a scroll of identify {unknown}
 q - 3 scrolls of remove curse
 t - a scroll of torment {unknown}
 u - a scroll of enchant weapon {unknown}
Potions
 d - 3 potions of curing
 e - 2 potions of heal wounds
 f - a potion of haste
 g - 2 potions of magic
 h - a potion of berserk rage
 j - a potion of might
 s - 4 potions of cure mutation {unknown}
 w - 2 potions of flight
Comestibles
 c - 2 bread rations
 r - 3 fruits
 v - 2 royal jellies
 B - a chunk of flesh


   Skills:
 * Level 13.1 Fighting
 * Level 14.1 Maces & Flails
 + Level 9.7 Dodging


You had 9 spell levels left.
You didn't know any spells.

Dungeon Overview and Level Annotations

Branches:
Dungeon (1/1)

Altars:
Cheibriados
Dithmenos
Elyvilon
Fedhas
Gozag
Kikubaaqudgha
Makhleb
Nemelex Xobeh
Okawaru
Qazlal
Ru
Sif Muna
Trog
Vehumet
Xom
Yredelemnul
Zin
The Shining One
Jiyva
Lugonu

Shops:
D !


Innate Abilities, Weirdness & Mutations

You are too large for most types of armour.
You have claws for hands.
Your metabolism is lightning-fast.
You like to eat raw meat.
You heal very quickly.
You are covered in fur (AC +1).
You have very tough skin (AC +2).
You have sharp toenails.
Armour fits poorly on your strangely shaped body.
You passively map a small area around you.
You are weak. (Str -2)


Message History

Trog grants you a gift!
Your life force feels restored.
You feel sick. The tarantella bites you!
* * * LOW HITPOINT WARNING * * *
You feel momentarily confused.
The hell rat bites you but does no damage.
The deep elf summoner casts a spell.
The deep elf summoner blinks!
You are too berserk!
Unknown command.
You perforate the deep elf conjurer like a sieve!!!
You feel the power of Trog in you as your rage grows.
You kill the deep elf conjurer!
Trog accepts your kill.
Trog appreciates your killing of a magic user.
Your Fighting skill increases to level 13!
Your Maces & Flails skill increases to level 14!
* * * LOW HITPOINT WARNING * * *
You feel sick. The tarantella bites you!
You die...

▓▓▓▓▓▓▓▓ ########
#.#.##s####### *
_[#__#.###..##.r@)#...#
).#._#.........##s#...#*≈
###)##..)......#*s#...≈≈
, ,
.....#..))....##*.#.e.##
≈ * .....#..##∩.#.#
.§...# ####'#))##.##.#
######
_#...#)############## * *
* * _#...#....#.#.#...))#
, _#...##.#..#.##)###.#
,, , ≈


You could see a deep elf summoner, 2 tarantellas, a redback and a hell rat.

Vanquished Creatures
  Erolcha (D)
  A deep elf knight (D)
  2 deep elf summoners (D)
  A deep elf conjurer (D)
  A deep elf priest (D)
  A shadow (D)
  A trapdoor spider (D)
  A tarantella (D)
  A spatial vortex (D)
  2 hill giants (D)
  A necrophage (D)
  3 two-headed ogres (D)
  A water elemental (D)
  An orc wizard (D)
  Crazy Yiuf (D)
  An orc priest (D)
  A jelly (D)
  Jessica (D)
  A wizard (D)
  A necromancer (D)
  3 humans (D)
  A kobold demonologist (D)
  An ooze (D)
  5 orcs (D)
  2 rats (D)
36 creatures vanquished.

Vanquished Creatures (collateral kills)
  An orc high priest (D)
  An orc warrior (D)
  4 orc wizards (D)
  2 orc priests (D)
  3 orcs (D)
11 creatures vanquished.

Vanquished Creatures (others)
  2 draconian scorchers (D)
  A yaktaur (D)
  3 plants (D)
6 creatures vanquished.

Grand Total: 53 creatures vanquished

Notes
Turn   | Place    | Note
--------------------------------------------------------------
     0 | D        | Kidiri the Troll Berserker began the quest for the Orb.
     0 | D        | Reached XP level 1. HP: 22/22 MP: 0/0
     7 | D        | Reached skill level 3 in Fighting
    14 | D        | Acquired Trog's second power
    30 | D        | Noticed Jessica
    34 | D        | Killed Jessica
    34 | D        | Reached skill level 4 in Maces & Flails
    34 | D        | Reached XP level 2. HP: 21/32 MP: 1/1
    34 | D        | Reached XP level 3. HP: 25/39 MP: 2/2
   104 | D        | Noticed Crazy Yiuf
   119 | D        | Killed Crazy Yiuf
   119 | D        | Reached skill level 5 in Maces & Flails
   140 | D        | Killed a yaktaur
   157 | D        | Gained mutation: Your mind is acute. (Int +2) [potion of mutation]
   157 | D        | Gained mutation: You are weak. (Str -2) [potion of mutation]
   157 | D        | Gained mutation: You passively map a small area around you. [potion of mutation]
   158 | D        | Lost mutation: Your mind is acute. (Int +2) [potion of mutation]
   158 | D        | Gained mutation: Armour fits poorly on your strangely shaped body. [potion of mutation]
   158 | D        | Gained mutation: You have sharp toenails. [potion of mutation]
   191 | D        | Reached XP level 4. HP: 19/49 MP: 3/3
   253 | D        | Noticed a water elemental
   258 | D        | Killed a water elemental
   258 | D        | Reached skill level 5 in Fighting
   258 | D        | Reached skill level 6 in Maces & Flails
   258 | D        | Reached XP level 5. HP: 59/59 MP: 4/4
   293 | D        | Found a radiant altar of Vehumet.
   293 | D        | Found a deep blue altar of Sif Muna.
   293 | D        | Found an ancient bone altar of Kikubaaqudgha.
   293 | D        | Noticed a wizard
   294 | D        | Acquired Trog's third power
   294 | D        | Killed a wizard
   302 | D        | Reached skill level 7 in Maces & Flails
   318 | D        | Killed a white draconian scorcher
   325 | D        | Found a glowing silver altar of Zin.
   325 | D        | Found a glowing golden altar of the Shining One.
   325 | D        | Found a white marble altar of Elyvilon.
   326 | D        | Noticed a deep elf priest
   329 | D        | Killed a white draconian scorcher
   331 | D        | Killed a deep elf priest
   331 | D        | Reached skill level 8 in Fighting
   331 | D        | Reached skill level 5 in Dodging
   331 | D        | Reached XP level 6. HP: 42/72 MP: 5/5
   380 | D        | Found an iron altar of Okawaru.
   380 | D        | Found a bloodstained altar of Trog.
   380 | D        | Noticed a human
   381 | D        | Noticed a human
   385 | D        | Killed a human
   385 | D        | Reached skill level 9 in Maces & Flails
   385 | D        | Reached XP level 7. HP: 81/81 MP: 6/6
   392 | D        | Killed a human
   392 | D        | Reached skill level 10 in Maces & Flails
   436 | D        | Found a basalt altar of Yredelemnul.
   436 | D        | Found a snail-covered altar of Cheibriados.
   436 | D        | Found a blossoming altar of Fedhas.
   436 | D        | Noticed a necrophage
   436 | D        | Noticed a necromancer
   443 | D        | Killed a necrophage
   447 | D        | Killed a necromancer
   583 | D        | Noticed a jelly
   584 | D        | Noticed a shadow
   592 | D        | Killed a shadow
   592 | D        | Reached XP level 8. HP: 62/89 MP: 7/7
   595 | D        | Killed a jelly
   661 | D        | Found a stormy altar of Qazlal.
   661 | D        | Found a sacrificial altar of Ru.
   661 | D        | Found a burning altar of Makhleb.
   661 | D        | Found a shimmering altar of Xom.
   661 | D        | Noticed a spatial vortex
   662 | D        | Found a viscous altar of Jiyva.
   662 | D        | Found a shadowy altar of Dithmenos.
   662 | D        | Found a sparkling altar of Nemelex Xobeh.
   662 | D        | Found a corrupted altar of Lugonu.
   662 | D        | Found an opulent altar of Gozag.
   700 | D        | Killed a spatial vortex
   715 | D        | Noticed a two-headed ogre
   715 | D        | Noticed a two-headed ogre
   722 | D        | Killed a two-headed ogre
   722 | D        | Received a gift from Trog
   722 | D        | Reached skill level 10 in Fighting
   725 | D        | Killed a two-headed ogre
   725 | D        | Reached skill level 11 in Maces & Flails
   728 | D        | Got a twisted giant spiked club {god gift}
   732 | D        | Noticed a two-headed ogre
   739 | D        | Killed a two-headed ogre
   810 | D        | Identified the +7 giant spiked club of Winter {vamp, rN+ Int+2 SInv} (Trog gifted it to you in the Dungeon)
   827 | D        | Noticed a hill giant
   830 | D        | Killed a hill giant
   842 | D        | Noticed a hill giant
   844 | D        | Noticed Erolcha
   846 | D        | Killed a hill giant
   854 | D        | Killed Erolcha
   854 | D        | Received a gift from Trog
   854 | D        | Reached skill level 12 in Maces & Flails
   854 | D        | Reached XP level 9. HP: 95/101 MP: 8/8
   855 | D        | Noticed a trapdoor spider
   861 | D        | Killed a trapdoor spider
   940 | D        | Noticed an orc priest
   940 | D        | Noticed an orc wizard
   940 | D        | Noticed an orc priest
   940 | D        | Noticed an orc priest
   940 | D        | Noticed an orc wizard
   941 | D        | Noticed an orc wizard
   941 | D        | Noticed an orc warrior
   942 | D        | Noticed an orc high priest
   943 | D        | Noticed an orc wizard
   945 | D        | Killed an orc priest
   946 | D        | Killed an orc wizard
   947 | D        | Killed an orc wizard
   950 | D        | Noticed a rust devil
   951 | D        | Killed an orc warrior
   952 | D        | Killed an orc wizard
   952 | D        | Received a gift from Trog
   954 | D        | Killed an orc priest
   956 | D        | Killed an orc high priest
   966 | D        | Killed an orc wizard
   968 | D        | Killed an orc priest
   968 | D        | Received a gift from Trog
   973 | D        | Got an ichor-stained giant club {god gift}
   978 | D        | Noticed an orc wizard
   984 | D        | Found Gaycrawn's Distillery.
   987 | D        | Killed an orc wizard
   987 | D        | Reached skill level 13 in Maces & Flails
  1085 | D        | Bought a potion of curing for 36 gold pieces
  1085 | D        | Bought a potion of heal wounds for 60 gold pieces
  1094 | D        | Noticed a deep elf summoner
  1094 | D        | Noticed a deep elf knight
  1094 | D        | Noticed a deep elf conjurer
  1094 | D        | Noticed a deep elf summoner
  1094 | D        | Noticed a deep elf summoner
  1112 | D        | Killed a deep elf knight
  1112 | D        | Received a gift from Trog
  1113 | D        | Killed a deep elf summoner
  1113 | D        | Reached XP level 10. HP: 81/114 MP: 9/9
  1120 | D        | Killed a deep elf summoner
  1120 | D        | Received a gift from Trog
  1120 | D        | HP: 8/171 [tarantella[a deep elf summoner] (12)]
  1121 | D        | Killed a deep elf conjurer
  1121 | D        | Reached skill level 14 in Maces & Flails
  1121 | D        | Slain by a tarantella

Vault maps used:
D:        dungeon_sprint_mu

Action                   |  1- 3 |  4- 6 |  7- 9 | 10-12 || total
-------------------------+-------+-------+-------+-------++-------
Melee: Mace              |    28 |    18 |    48 |       ||    94
       Giant spiked club |       |       |    40 |     7 ||    47
Invok: Berserk           |     3 |     2 |     3 |       ||     8
       Burn Spellbooks   |       |     2 |       |       ||     2
       Brothers in Arms  |       |       |     1 |       ||     1
  Use: Potion            |     2 |       |       |       ||     2
  Eat: Chunk             |     1 |    10 |    17 |       ||    28
